[Event "*** Titled Tuesday Blitz"]
[Site "Chess.com"]
[Date "2021.03.02"]
[Round "10"]
[White "LileKoridze"]
[Black "Ginger_GM"]
[Result "1-0"]
[WhiteElo "2450"]
[BlackElo "2621"]
[TimeControl "180+1"]
[EndTime "11:56:05 PST"]
[Termination "LileKoridze won by checkmate"]

1. d4 e6 2. c4 f5 3. g3 Nf6 4. Bg2 Be7 5. Nh3 O-O 6. O-O d6 7.
Nf4 c6 8. Nc3 e5 9. dxe5 dxe5 10.
Nd3 e4 11. Nf4 Qe8 12. Qc2 Na6 13. a3 g5 14. Nh3 Qh5 15. Bxg5 f4 16. Bxf6 Rxf6 17.
Nxf4 Rxf4 18. gxf4 Kh8 19. Qxe4 Bf6 20. Bf3 Qf7 21. Kh1 Nc5 22. Qc2 Be7 23. Ne4 Bf5 24. Qc3+ Kg8 25. Rg1+ Kf8 26. Qh8+ Qg8 27. Qxg8# 1-0

[Event "*** Titled Tuesday Blitz"]
[Site "Chess.com"]
[Date "2021.03.02"]
[Round "10"]
[White "jens1102"]
[Black "BJthechessgod"]
[Result "0-1"]
[WhiteElo "2412"]
[BlackElo "2279"]
[TimeControl "180+1"]
[EndTime "11:56:10 PST"]
[Termination "BJthechessgod won by checkmate"]

1. d4 Nf6 2. Bg5 Ne4 3. Bf4 d5 4. f3 Nd6 5. Nc3 c6 6. e4 dxe4 7.
fxe4 e6 8. Nf3 Be7 9. Bd3 O-O 10. O-O Nd7 11. Qe2 b5 12. Bxd6 Bxd6 13. e5 Be7 14. Ne4 Nb6 15. h4 h6 16. h5 Bb7 17.
Nh2 Qxd4+ 18. Kh1 Qxe5 19. Rae1 Nd5 20. Qg4 f5 21. Qg6 fxe4 22. Bxe4 Rxf1+ 23. Rxf1 Nf6 24. Rxf6 Bxf6 25. Ng4 Qg5 26. Qh7+ Kf8 27. Bg6 Qxg4 28. Kg1 Bd4+ 29. Kf1 Qd1# 0-1

[Event "*** Titled Tuesday Blitz"]
[Site "Chess.com"]
[Date "2021.03.02"]
[Round "10"]
[White "Kale36"]
[Black "HackingKid98"]
[Result "0-1"]
[WhiteElo "2292"]
[BlackElo "2448"]
[TimeControl "180+1"]
[EndTime "11:56:15 PST"]
[Termination "HackingKid98 won by resignation"]

1. d4 d5 2. Nc3 c6 3. Nf3 Nf6 4.
Bg5 Bf5 5. e3 Nbd7 6. Bd3 e6 7.
O-O Be7 8. Ne2 O-O 9. Ng3 Bg6 10. Bxg6 hxg6 11. Qe2 Qb6 12. c3 c5 13. h4 Rfc8 14.
h5 gxh5 15. Nxh5 Qd8 16. Nf4 Ne4 17. Bxe7 Qxe7 18. Nd2 Nef6 19. Nd3 Rab8 20. Ne5 b5 21. f4 b4 22. Rf3 bxc3 23. bxc3 cxd4 24. cxd4 Rc2 25. Qd3 Rbb2 26. Rd1 Ne4 27. Nxe4 Rxg2+ 28. Kf1 Qh4 0-1

[Event "*** Titled Tuesday Blitz"]
[Site "Chess.com"]
[Date "2021.03.02"]
[Round "10"]
[White "ViktoriyaTarasova"]
[Black "KerryStead"]
[Result "1-0"]
[WhiteElo "2283"]
[BlackElo "2027"]
[TimeControl "180+1"]
[EndTime "11:56:16 PST"]
[Termination "ViktoriyaTarasova won on time"]

1. d4 c5 2. d5 f5 3. g3 g6 4. Bg2 d6 5. Nc3 Bg7 6. e4 fxe4 7.
Nxe4 Nf6 8. Ng5 h6 9. Ne6 Bxe6 10. dxe6 Qc8 11. Ne2 Nc6 12. Qd3 Qxe6 13. Qxg6+ Qf7 14.
Qd3 a6 15. O-O O-O-O 16. Nf4 e5 17. Nd5 Nxd5 18. Bxd5 Qd7 19. a3 Rhf8 20. Qc4 Rde8 21. Be3 Nd4 22. Kg2 b5 23. Qd3 1-0

[Event "*** Titled Tuesday Blitz"]
[Site "Chess.com"]
[Date "2021.03.02"]
[Round "10"]
[White "sergeikim"]
[Black "Susal_De_Silva"]
[Result "0-1"]
[WhiteElo "2535"]
[BlackElo "2659"]
[TimeControl "180+1"]
[EndTime "11:56:23 PST"]
[Termination "Susal_De_Silva won by resignation"]

1. d4 Nf6 2. c4 e6 3. Nc3 Bb4 4. Qc2 c5 5. dxc5 Bxc5 6. Nf3 O-O 7. e3 d6 8. Bd3 a6 9. O-O Nc6 10. a3 Qe7 11. b4 Ba7 12. Bb2 h6 13. Ne4 Nxe4 14.
Bxe4 e5 15. Bf5 g6 16. Bxc8 Raxc8 17. Rfd1 f5 18. Rac1 Bb8 19. Qd3 Kh7 20. Qd5 f4 21. exf4 Rxf4 22. c5 dxc5 23. Qxc5 Qxc5 24. Rxc5 e4 25.
Rd7+ Kg8 26. Nd4 Ba7 27. Nxc6 Bxc5 28. Rxb7 Bxf2+ 0-1

[Event "*** Titled Tuesday Blitz"]
[Site "Chess.com"]
[Date "2021.03.02"]
[Round "10"]
[White "blitis"]
[Black "NTBT_DHS"]
[Result "0-1"]
[WhiteElo "2562"]
[BlackElo "2778"]
[TimeControl "180+1"]
[EndTime "11:56:24 PST"]
[Termination "NTBT_DHS won by resignation"]

1. e4 g6 2. h4 Bg7 3. h5 d5 4. exd5 Qxd5 5. Nc3 Qe5+ 6. Be2 Nc6 7. Nf3 Qd6 8. d4 Nxd4 9. Nxd4 Qxd4 10. Qxd4 Bxd4 11.
Nb5 Be5 12. hxg6 fxg6 13. f4 Bd6 14. Be3 Kf7 15. O-O-O Nf6 16. c4 a6 17. Nxd6+ cxd6 18. c5 dxc5 19. Bxc5 Bf5 20. Bc4+ e6 21. b4 Rac8 22. Kb2 b6 23. Bxa6 Ra8 24. Bxb6 Rxa6 25.
Ba5 Rb8 26. Ka3 h5 0-1

[Event "*** Titled Tuesday Blitz"]
[Site "Chess.com"]
[Date "2021.03.02"]
[Round "10"]
[White "ARTHURMOTIVATOR"]
[Black "night_player"]
[Result "1-0"]
[WhiteElo "2322"]
[BlackElo "2170"]
[TimeControl "180+1"]
[EndTime "11:56:24 PST"]
[Termination "ARTHURMOTIVATOR won by checkmate"]

1. e4 c5 2. b3 e5 3. Bb2 d6 4. Bb5+ Bd7 5. Bxd7+ Nxd7 6. Ne2 Be7 7.
O-O Ngf6 8. d3 O-O 9. h3 b5 10. f4 exf4 11. Nxf4 Ne5 12. Nd2 Ng6 13. Nh5 Nxh5 14.
Qxh5 a5 15. a4 bxa4 16. Rxa4 Qb6 17. Nc4 Qc7 18. Ne3 Bd8 19. Nf5 Ne5 20. Nxd6 f6 21. Bxe5 fxe5 22. Rxf8+ Kxf8 23. Qe8# 1-0

[Event "*** Titled Tuesday Blitz"]
[Site "Chess.com"]
[Date "2021.03.02"]
[Round "10"]
[White "KubaGepard"]
[Black "SilviusTiberius"]
[Result "1-0"]
[WhiteElo "2403"]
[BlackElo "2485"]
[TimeControl "180+1"]
[EndTime "11:56:29 PST"]
[Termination "KubaGepard won by resignation"]

1. d4 Nf6 2. Nf3 e6 3. Bf4 d5 4. e3 Bd6 5. Bg3 O-O 6. c3 c5 7. Nbd2 Nc6 8. Bd3 Bxg3 9. hxg3 h6 10. g4 Nxg4 11. e4 cxd4 12. Nxd4 Nge5 13. Bc2 Nxd4 14. cxd4 Nc6 15. Nf3 Qa5+ 16. Kf1 Nb4 17. e5 Nxc2 18. Qxc2 Bd7 19. Ng5 g6 20. Rxh6 Rfc8 21.
Rxg6+ Kf8 22. Rg8+ Ke7 23. Qh7 Be8 24. Rxe8+ Rxe8 25. Qxf7+ Kd8 26. Nxe6+ Rxe6 27. Qxe6 Rb8 28. Qd6+ 1-0

[Event "*** Titled Tuesday Blitz"]
[Site "Chess.com"]
[Date "2021.03.02"]
[Round "10"]
[White "ViditYT"]
[Black "Skatchkov_V"]
[Result "1-0"]
[WhiteElo "2946"]
[BlackElo "2618"]
[TimeControl "180+1"]
[EndTime "11:56:30 PST"]
[Termination "ViditYT won by resignation"]

1. b3 Nf6 2. Bb2 e6 3. g3 d5 4. Bg2 b5 5. c4 bxc4 6. bxc4 Bb7 7. Nf3 c5 8. cxd5 exd5 9. O-O Be7 10. d4 c4 11. Ba3 O-O 12. Bxe7 Qxe7 13. Nc3 Nc6 14. Rb1 a5 15. Ne5 Nxe5 16. dxe5 Qxe5 17. Qd2 Bc6 18. e3 Rfd8 19. Rb6 d4 20. exd4 Rxd4 21. Qe3 Be4 22. Rb5 1-0

[Event "*** Titled Tuesday Blitz"]
[Site "Chess.com"]
[Date "2021.03.02"]
[Round "10"]
[White "cstevens1"]
[Black "GMaka"]
[Result "1-0"]
[WhiteElo "2635"]
[BlackElo "2467"]
[TimeControl "180+1"]
[EndTime "11:56:32 PST"]
[Termination "cstevens1 won by resignation"]

1. e4 c6 2. Nf3 d5 3. exd5 cxd5 4.
Ne5 Nc6 5. Bb5 Bd7 6. Nxd7 Qxd7 7. d4 a6 8. Ba4 Qe6+ 9. Be3 b5 10. Bb3 Nf6 11. O-O Qf5 12. a4 b4 13. a5 Qc8 14.
Ba4 e6 15. c4 Be7 16. Nd2 O-O 17. cxd5 Nxa5 18. Rc1 Qb7 19. dxe6 fxe6 20. Qe2 Rad8 21. Bf4 Rxd4 22. Qxe6+ Kh8 23. Rc7 Qd5 24. Qxe7 Rf7 25. Qxf7 Qxf7 26. Rxf7 Rxf4 27. Rf8+ Ng8 28. Rxf4 1-0

[Event "*** Titled Tuesday Blitz"]
[Site "Chess.com"]
[Date "2021.03.02"]
[Round "10"]
[White "chigorin28"]
[Black "DenisQ"]
[Result "1-0"]
[WhiteElo "2538"]
[BlackElo "2636"]
[TimeControl "180+1"]
[EndTime "11:56:33 PST"]
[Termination "chigorin28 won by resignation"]

1. e4 c6 2. d4 d5 3. e5 c5 4. c3 Nc6 5. Nf3 Bg4 6. Be2 e6 7.
O-O cxd4 8. Nxd4 Bxe2 9. Qxe2 Nge7 10. Nd2 Nxd4 11. cxd4 Nc6 12. Nb3 Be7 13. Qg4 Kf8 14. Be3 h5 15. Qe2 Rc8 16. Rac1 g6 17. Rc3 Kg7 18.
Rfc1 Qd7 19. Nc5 Bxc5 20. Rxc5 Qe7 21. a3 a6 22. b4 Na7 23. Qd2 Rxc5 24. bxc5 Rc8 25.
Bg5 Qe8 26. Bf6+ Kh7 27. g4 hxg4 28. Qg5 Qf8 29. Qxg4 Nb5 30. Re1 1-0

[Event "*** Titled Tuesday Blitz"]
[Site "Chess.com"]
[Date "2021.03.02"]
[Round "10"]
[White "c_r_e_e_p_e_r"]
[Black "Ze-Pequeno"]
[Result "1-0"]
[WhiteElo "2419"]
[BlackElo "2235"]
[TimeControl "180+1"]
[EndTime "11:56:33 PST"]
[Termination "c_r_e_e_p_e_r won by resignation"]

1. e4 c5 2. Nf3 d6 3. d4 cxd4 4. Nxd4 Nf6 5. Nc3 a6 6. Bc4 e6 7.
Bb3 Nbd7 8. f4 Nc5 9. e5 dxe5 10. fxe5 Nfd7 11. Bf4 Be7 12. O-O O-O 13. Kh1 Qc7 14.
Qe2 b5 15. Rae1 Bb7 16. Qg4 Nxb3 17. axb3 Kh8 18. Re3 Bc5 19. Rh3 Rfd8 20. Qh5 Nf8 21. Nf3 b4 22. Na4 Be4 23. Ng5 Bg6 24. Qh4 Kg8 25.
Rhf3 Rd6 26. exd6 1-0

[Event "*** Titled Tuesday Blitz"]
[Site "Chess.com"]
[Date "2021.03.02"]
[Round "10"]
[White "bazar-wokzal"]
[Black "losersgame"]
[Result "0-1"]
[WhiteElo "2483"]
[BlackElo "2331"]
[TimeControl "180+1"]
[EndTime "11:56:39 PST"]
[Termination "losersgame won by resignation"]

1. e4 e5 2. Bc4 Nc6 3. f4 f5 4. Nc3 fxe4 5. fxe5 d5 6. Bxd5 Nxe5 7. Qh5+ Ng6 8. Bxg8 Rxg8 9. Qxh7 Qh4+ 10. Qxh4 Nxh4 11. Nxe4 Nxg2+ 12. Kf2 Nh4 13. d3 Bf5 14. Nf3 Nxf3 15. Kxf3 O-O-O 16. Bg5 Re8 17. Rhe1 Bb4 18. c3 Rgf8 19. Kg3 Ba5 20. Nf2 c6 21. Rxe8+ Rxe8 22. Rd1 Bc7+ 23. Bf4 Re3+ 24. Kg2 Bxf4 25. Ne4 Rxd3 0-1

[Event "*** Titled Tuesday Blitz"]
[Site "Chess.com"]
[Date "2021.03.02"]
[Round "10"]
[White "K_A_S_T_O_R"]
[Black "davidkalashian"]
[Result "0-1"]
[WhiteElo "2749"]
[BlackElo "2601"]
[TimeControl "180+1"]
[EndTime "11:56:40 PST"]
[Termination "davidkalashian won by resignation"]

1. e4 c6 2. c4 g6 3. d4 Bg7 4.
Nc3 d6 5. Nf3 Bg4 6. Be2 Qb6 7.
Na4 Qa5+ 8. Bd2 Qc7 9. Be3 Nd7 10. Nc3 Ngf6 11. Ng1 Bxe2 12. Ngxe2 O-O 13. f3 e5 14. d5 Nh5 15. Qd2 f5 16. exf5 gxf5 17. O-O c5 18. Ng3 Nxg3 19. hxg3 a6 20. a4 Qd8 21. Bg5 Qe8 22. Kf2 Qg6 23. Rh1 e4 24. Bf4 Rae8 25. Rae1 Ne5 26. Bxe5 Bxe5 27. Rh3 e3+ 28. Rxe3 Bd4 29.
Nd1 Rxe3 30. Nxe3 Re8 31. Kf1 Bxe3 32. Qd3 f4 33. Qxg6+ hxg6 34. gxf4 Bxf4 35. Rh4 Be5 36. Re4 Kf7 37. b3 Bg3 0-1

[Event "*** Titled Tuesday Blitz"]
[Site "Chess.com"]
[Date "2021.03.02"]
[Round "10"]
[White "bogcsab"]
[Black "Darius321"]
[Result "0-1"]
[WhiteElo "2163"]
[BlackElo "2292"]
[TimeControl "180+1"]
[EndTime "11:56:41 PST"]
[Termination "Darius321 won by checkmate"]

1. d4 d5 2. c4 e6 3. cxd5 exd5 4. Nf3 c5 5. e3 Nf6 6. Be2 Nc6 7. O-O c4 8. b3 Be6 9. bxc4 dxc4 10. Nc3 Bb4 11. Bb2 O-O 12. Rc1 Qa5 13. Qc2 b5 14. Rfd1 Rfd8 15.
e4 Bxc3 16. Bxc3 b4 17. Ba1 b3 18. axb3 Nb4 19. Qd2 Nxe4 20. Qe1 cxb3 21. Nd2 Nc2 22.
Nxb3 Qxe1+ 23. Rxe1 Nxe1 24. Rxe1 Bxb3 25. Bf3 f5 26. Bxe4 fxe4 27. Rxe4 Re8 28. f3 Bd5 29. Re5 Rxe5 30. dxe5 a5 31. f4 a4 32. f5 a3 33.
Kf2 a2 34. g4 Rb8 35. e6 Rb1 36. Be5 a1=Q 37. Bxa1 Rxa1 38. h4 Ra3 39. Ke1 Kf8 40. Kd2 Ke7 41. g5 Bxe6 42. fxe6 Kxe6 43. h5 Kf5 44. h6 gxh6 45. gxh6 Kg6 46. Ke2 Kxh6 47. Kd2 Kg5 48. Kc2 h5 49. Kb2 Rg3 50.
Kc2 h4 51. Kd2 h3 52. Ke2 Kg4 53. Kf2 h2 54. Ke2 h1=Q 55. Kf2 Qh2+ 56. Kf1 Rg1# 0-1

[Event "*** Titled Tuesday Blitz"]
[Site "Chess.com"]
[Date "2021.03.02"]
[Round "10"]
[White "elohunter1999"]
[Black "champ2005"]
[Result "0-1"]
[WhiteElo "2653"]
[BlackElo "2991"]
[TimeControl "180+1"]
[EndTime "11:56:42 PST"]
[Termination "champ2005 won by checkmate"]

1. Nf3 Nf6 2. c4 g6 3. Nc3 Bg7 4. e4 d6 5. d4 O-O 6. Be2 Qe8 7. O-O e5 8. Re1 exd4 9. Nxd4 Nxe4 10. Nd5 Qd8 11. Bf3 Nxf2 12. Kxf2 Qh4+ 13. Kf1 Bxd4 14.
Re2 Nc6 15. Bf4 Be5 16. g3 Bh3+ 17. Kg1 Qd8 18. Bh6 Re8 19. Re4 Bf5 20. Rh4 Bxb2 21. Rb1 Bxb1 22. Qxb1 Bh8 23. Qxb7 Nd4 24. Bg2 Nf5 25.
Qxc7 Nxh4 26. gxh4 Qxh4 27. Bd2 Bd4+ 28. Kf1 Qf2# 0-1

[Event "*** Titled Tuesday Blitz"]
[Site "Chess.com"]
[Date "2021.03.02"]
[Round "10"]
[White "Konavets"]
[Black "iturrizaga"]
[Result "0-1"]
[WhiteElo "2929"]
[BlackElo "2858"]
[TimeControl "180+1"]
[EndTime "11:56:47 PST"]
[Termination "iturrizaga won by resignation"]

1. e4 c6 2. Nf3 d5 3. Nc3 dxe4 4. Nxe4 Nf6 5. Qe2 Nxe4 6. Qxe4 Qa5 7. Bc4 Bf5 8. Qf4 e6 9. O-O Nd7 10. Re1 Be7 11.
d4 O-O 12. c3 Bg6 13. Qg3 Rfe8 14. Bf4 Rac8 15. h4 Nf6 16. Be5 c5 17. Bb3 c4 18. Bd1 Qb6 19. d5 exd5 20. Nd4 Bf8 21. Ba4 Ne4 22. Qf4 Rxe5 23. Qxe5 Qxb2 24. h5 Qxf2+ 25.
Kh1 Bd6 26. Rxe4 Bxe5 27. Rxe5 Be4 0-1

[Event "*** Titled Tuesday Blitz"]
[Site "Chess.com"]
[Date "2021.03.02"]
[Round "10"]
[White "Leo_C"]
[Black "Mikedannnn"]
[Result "0-1"]
[WhiteElo "2444"]
[BlackElo "2574"]
[TimeControl "180+1"]
[EndTime "11:56:48 PST"]
[Termination "Mikedannnn won by resignation"]

1. d4 Nf6 2. c4 c5 3. d5 e6 4. Nc3 exd5 5. cxd5 Bd6 6. Nf3 O-O 7.
g3 Re8 8. Bg2 Bc7 9. O-O d6 10.
Nd2 a6 11. a4 Nbd7 12. Nc4 Rb8 13. Bf4 Nf8 14. a5 Ng6 15. Bg5 h6 16. Bd2 Ne5 17.
Nxe5 Rxe5 18. Bf4 Re8 19. e4 Ng4 20. h3 Ne5 21. Qa4 Bd7 22. Qb3 Nd3 23. Be3 Bxa5 24. Qc2 c4 25. f4 b5 26. Ne2 f5 27. Nd4 fxe4 28. f5 Bb6 29. Kh1 Qf6 30. Qc3 b4 31. Qxc4 Bb5 32. Nxb5 axb5 33. Qxb5 Bxe3 34. Qc4 Nxb2 35.
Qe2 Bd4 36. Rab1 Nd3 37. Rfd1 Nf2+ 0-1

[Event "*** Titled Tuesday Blitz"]
[Site "Chess.com"]
[Date "2021.03.02"]
[Round "10"]
[White "ellennilssen"]
[Black "maxip32"]
[Result "1/2-1/2"]
[WhiteElo "2306"]
[BlackElo "2511"]
[TimeControl "180+1"]
[EndTime "11:56:51 PST"]
[Termination "Game drawn by repetition"]

1. c4 g6 2. Nc3 Bg7 3. g3 d6 4. Bg2 Nf6 5. Nf3 O-O 6. O-O e5 7. d3 a5 8. Bg5 h6 9. Bd2 Re8 10. Rb1 c6 11. a3 d5 12. cxd5 cxd5 13. b4 axb4 14. axb4 d4 15. Ne4 Nd5 16. Qc1 Kh7 17. h4 b6 18. h5 Bb7 19. hxg6+ fxg6 20. Nh2 Na6 21. Ng4 Rc8 22. Qb2 Nac7 23. Rfc1 Nb5 24. Rxc8 Qxc8 25. Bh3 Qc6 26. Rc1 Ndc3 27. Bg2 Nxe2+ 28.
Kf1 Nxc1 29. Ng5+ hxg5 30. Bxc6 Nxd3 31. Qc2 Nxb4 32. Bxb4 Rc8 33. f3 Bxc6 34. Qh2+ Kg8 35. Qa2+ Kh7 36. Qh2+ Kg8 37. Qa2+ Kh7 38. Qh2+ 1/2-1/2

[Event "*** Titled Tuesday Blitz"]
[Site "Chess.com"]
[Date "2021.03.02"]
[Round "10"]
[White "Aradhya2000"]
[Black "Julianos82"]
[Result "1-0"]
[WhiteElo "2521"]
[BlackElo "2363"]
[TimeControl "180+1"]
[EndTime "11:56:54 PST"]
[Termination "Aradhya2000 won by resignation"]

1. d4 d5 2. c4 dxc4 3. e4 Nc6 4.
Nf3 Bg4 5. d5 Ne5 6. Bf4 Ng6 7.
Be3 e5 8. Bxc4 a6 9. O-O Nf6 10. Nc3 Bd6 11. Be2 Qe7 12. a4 O-O 13. Nd2 Bd7 14. Nb3 Nf4 15. f3 g5 16. g3 Nh3+ 17. Kh1 h5 18. Na5 Rab8 19. Nc4 Kg7 20. Qd2 Kg6 21.
Nxd6 cxd6 22. f4 exf4 23. gxf4 Nxe4 24. Bd3 Bf5 25. Qc2 Rbe8 26. Rae1 gxf4 27. Bd4 Ng3+ 28. hxg3 Qxe1 29. Bxf5+ Kh6 30. Rxe1 Rxe1+ 31. Kg2 Ng5 32. gxf4 Rg8 33. fxg5+ Rxg5+ 34. Kf2 Reg1 35. Be4 h4 36. Be3 1-0

[Event "*** Titled Tuesday Blitz"]
[Site "Chess.com"]
[Date "2021.03.02"]
[Round "10"]
[White "tk22h"]
[Black "manipun1"]
[Result "0-1"]
[WhiteElo "2346"]
[BlackElo "2254"]
[TimeControl "180+1"]
[EndTime "11:56:54 PST"]
[Termination "manipun1 won by resignation"]

1. c4 f5 2. d4 Nf6 3. Nf3 d6 4. g3 g6 5. Bg2 Bg7 6. O-O O-O 7. Nc3 c6 8. d5 e5 9. dxe6 Bxe6 10. Qd3 Qe7 11. Bf4 d5 12. cxd5 Nxd5 13. Nxd5 Bxd5 14. Qc2 Nd7 15. Rfe1 Nf6 16. a3 Rad8 17. Rad1 Rfe8 18. Be3 a6 19. Bb6 Rd7 20. Bd4 Be4 21. Qc3 Nd5 22.
Qb3 Bxd4 23. Nxd4 Bxg2 24. Kxg2 Kg7 25. Nf3 Red8 26. Rd4 Nf6 27. e3 Rxd4 28. Nxd4 Rxd4 29. exd4 Qxe1 30. Qxb7+ Kh6 31. Qxc6 Qe4+ 32. Qxe4 fxe4 33. f3 Kg5 34. Kf2 Kf5 35. Ke3 Nd5+ 36. Kd2 exf3 0-1

[Event "*** Titled Tuesday Blitz"]
[Site "Chess.com"]
[Date "2021.03.02"]
[Round "10"]
[White "Jan1401"]
[Black "TimKett"]
[Result "1-0"]
[WhiteElo "2358"]
[BlackElo "2177"]
[TimeControl "180+1"]
[EndTime "11:56:56 PST"]
[Termination "Jan1401 won by resignation"]

1. e4 e5 2. f4 d5 3. exd5 c6 4. Nc3 exf4 5. d4 Bd6 6. Nf3 Ne7 7. dxc6 Nbxc6 8. Bd3 O-O 9. O-O Bf5 10. Ne2 Bxd3 11. Qxd3 Ng6 12. c3 Qe7 13. Bd2 Rad8 14. Rae1 Qc7 15. Qf5 Rfe8 16. Ng5 f3 17. Nxf3 Qd7 18. Qxd7 Rxd7 19. Ng3 Rxe1 20. Rxe1 Bxg3 21. hxg3 Re7 22. Rxe7 Ngxe7 23. Kf2 f6 24. g4 h6 25. c4 Kf7 26.
d5 Ne5 27. Nxe5+ fxe5 28. Ke3 Kf6 29. Ke4 Nc8 30. c5 b6 31. b4 a5 32. a3 axb4 33. axb4 bxc5 34. bxc5 1-0

[Event "*** Titled Tuesday Blitz"]
[Site "Chess.com"]
[Date "2021.03.02"]
[Round "10"]
[White "kai_nov"]
[Black "alejogarcia1999"]
[Result "0-1"]
[WhiteElo "2399"]
[BlackElo "2533"]
[TimeControl "180+1"]
[EndTime "11:57:00 PST"]
[Termination "alejogarcia1999 won by checkmate"]

1. d4 Nf6 2. c4 g6 3. f3 Bg7 4.
e4 d6 5. Nc3 O-O 6. Bg5 h6 7.
Be3 e5 8. d5 Nh5 9. Qd2 f5 10.
exf5 gxf5 11. O-O-O Qf6 12. Bd3 Na6 13. Nge2 Nb4 14.
Bb1 a5 15. a3 Na6 16. f4 Nc5 17. Bc2 Nxf4 18. Nxf4 exf4 19. Bxf4 Ne4 20. Bxe4 fxe4 21. Be3 Bg4 22. Rde1 Rae8 23. h3 Bh5 24. g4 Bg6 25. Rhg1 Qf3 26. Bxh6 e3 27. Bxe3 Bxc3 28. Qxc3 Qe4 29.
Bd2 Qb1# 0-1

[Event "*** Titled Tuesday Blitz"]
[Site "Chess.com"]
[Date "2021.03.02"]
[Round "10"]
[White "JoakimVonAnd"]
[Black "ChessFighter1975"]
[Result "0-1"]
[WhiteElo "2494"]
[BlackElo "2376"]
[TimeControl "180+1"]
[EndTime "11:57:01 PST"]
[Termination "ChessFighter1975 won by resignation"]

1. c4 d6 2. Nc3 Nf6 3. g3 g6 4.
Bg2 Bg7 5. d4 O-O 6. Nf3 Nc6 7. O-O Bf5 8. d5 Na5 9. Nd4 Bd7 10. b3 c5 11. dxc6 bxc6 12. Bb2 Rb8 13. Qc2 c5 14. Nf3 Nc6 15. Rad1 Bf5 16. e4 Bg4 17. Nd5 Bxf3 18. Bxf3 Nxd5 19. exd5 Nd4 20.
Bxd4 Bxd4 21. Rde1 Re8 22. h4 a5 23. Kg2 a4 24. h5 axb3 25. axb3 Qb6 26. Bd1 Qb4 27. hxg6 hxg6 28. Rh1 Qc3 29. Qe4 Kg7 30. Qh4 Rh8 31.
Qxe7 Rbe8 32. Qxe8 Rxe8 33. Rxe8 Qd2 34. Re2 Qd3 35. Rh4 Qxd1 36. Rhe4 Qxb3 37. Re7 Qxc4 38.
Rd7 Qxd5+ 39. Kh2 c4 40. Rc7 Qh5+ 41. Kg2 Qxe2 0-1

[Event "*** Titled Tuesday Blitz"]
[Site "Chess.com"]
[Date "2021.03.02"]
[Round "10"]
[White "SimplyDevina"]
[Black "canary2016"]
[Result "1-0"]
[WhiteElo "2173"]
[BlackElo "1990"]
[TimeControl "180+1"]
[EndTime "11:57:02 PST"]
[Termination "SimplyDevina won by checkmate"]

1. d4 d5 2. c4 c6 3. Nc3 Nf6 4. e3 Bf5 5. Nf3 e6 6. Be2 Be7 7. O-O O-O 8. b3 Nbd7 9. Bb2 Rc8 10. Rc1 h6 11. Bd3 Bxd3 12. Qxd3 Qc7 13. e4 dxe4 14.
Nxe4 Nxe4 15. Qxe4 Nf6 16. Qe2 Rfd8 17. Rfd1 Bd6 18. h3 Bf4 19. Rc2 Bd6 20. Rcd2 Bb4 21. Rd3 c5 22. d5 Nh7 23. dxe6 Rxd3 24. Rxd3 Re8 25. exf7+ Qxf7 26. Re3 Rxe3 27. Qxe3 Nf6 28. Ne5 Qe8 29. Qd3 Nh7 30. Qd5+ Kf8 31. Nd7+ Ke7 32. Nxc5 Qc6 33. Qe5+ Kd8 34. Ne6+ Kc8 35. Nd4 Qd7 36. Nb5 Kd8 37. Bd4 a6 38. Bb6+ Kc8 39. Na7# 1-0

[Event "*** Titled Tuesday Blitz"]
[Site "Chess.com"]
[Date "2021.03.02"]
[Round "10"]
[White "maheswaran26"]
[Black "GLeruste"]
[Result "1-0"]
[WhiteElo "2341"]
[BlackElo "2479"]
[TimeControl "180+1"]
[EndTime "11:57:04 PST"]
[Termination "maheswaran26 won by checkmate"]

1. d4 c5 2. d5 d6 3. e4 Nf6 4. Nc3 e6 5. Bb5+ Bd7 6. dxe6 fxe6 7. Bc4 a6 8. a4 Nc6 9. Nf3 Qe7 10. O-O O-O-O 11. Re1 Be8 12. Ng5 Nd4 13. Be3 h6 14.
Nh3 Bh5 15. f3 e5 16. Nd5 Nxd5 17. Bxd5 Qd7 18. Nf2 g5 19. c3 Ne6 20. Qb3 Nf4 21.
Bxf4 Kb8 22. Be3 g4 23. fxg4 Bg6 24. c4 Be7 25. a5 h5 26. g5 h4 27. Ng4 h3 28. g3 Qxg4 29. Qxb7# 1-0

[Event "*** Titled Tuesday Blitz"]
[Site "Chess.com"]
[Date "2021.03.02"]
[Round "10"]
[White "DLR7"]
[Black "lamomiablanca"]
[Result "1-0"]
[WhiteElo "2635"]
[BlackElo "2386"]
[TimeControl "180+1"]
[EndTime "11:57:07 PST"]
[Termination "DLR7 won on time"]

1. e4 c5 2. Nf3 Nc6 3. d4 cxd4 4.
Nxd4 g6 5. c4 Nf6 6. Nc3 d6 7.
Be2 Nxd4 8. Qxd4 Bg7 9. O-O O-O 10. Qe3 a5 11. Rd1 Nd7 12. b3 Qb6 13. Nd5 Qd8 14.
Rb1 e6 15. Nc3 Qe7 16. Nb5 Be5 17. Ba3 Nc5 18. f4 Bg7 19. Rxd6 Nd7 20. e5 Qd8 21. Rbd1 f6 22. exf6 Qxf6 23. Rxd7 Bxd7 24. Rxd7 Rfc8 25.
g3 1-0

[Event "*** Titled Tuesday Blitz"]
[Site "Chess.com"]
[Date "2021.03.02"]
[Round "10"]
[White "FeketeBarika"]
[Black "HajiyevKanan"]
[Result "1-0"]
[WhiteElo "2293"]
[BlackElo "2412"]
[TimeControl "180+1"]
[EndTime "11:57:09 PST"]
[Termination "FeketeBarika won on time"]

1. Nf3 c6 2. g3 d5 3. Bg2 Nf6 4. c4 g6 5. O-O Bg7 6. d4 O-O 7.
cxd5 cxd5 8. Nc3 Ne4 9. Ne5 Nxc3 10. bxc3 Nd7 11. Nxd7 Qxd7 12. Qb3 e6 13. Ba3 Rd8 14. e3 Rb8 15. c4 dxc4 16. Qxc4 b5 17. Qb3 b4 18. Bb2 a5 19. Rac1 a4 20. Qc4 Bb7 21.
Bxb7 Rxb7 22. a3 Bf8 23. axb4 Rxb4 24. Qc2 h5 25. Ra1 Rc8 26. Qd2 Qb5 27. Ba3 Rb3 28. Bxf8 Rxf8 29. Rfc1 h4 30. Kg2 Qd5+ 31. f3 h3+ 32.
Kf2 a3 33. Rc5 Qb7 34. g4 Rb2 35. Rc2 Qb3 36. Rxb2 axb2 37. Rb1 Rb8 38. Kg3 Qa2 39. Qc2 1-0

[Event "*** Titled Tuesday Blitz"]
[Site "Chess.com"]
[Date "2021.03.02"]
[Round "10"]
[White "Zemerovv"]
[Black "grunbergmihai"]
[Result "1-0"]
[WhiteElo "2324"]
[BlackElo "2475"]
[TimeControl "180+1"]
[EndTime "11:57:10 PST"]
[Termination "Zemerovv won by resignation"]

1. d4 Nf6 2. Nf3 g6 3. Nbd2 d5 4.
b4 Bg7 5. Bb2 O-O 6. e3 a5 7. b5 Nbd7 8. c4 c6 9. a4 dxc4 10.
Bxc4 Nb6 11. Ba2 cxb5 12. axb5 a4 13. Ba3 Bf5 14. O-O Bd3 15. Re1 Bxb5 16. Ne5 Nfd5 17. Ne4 Rc8 18. Rb1 Ba6 19. Qf3 Bxe5 20. dxe5 Bc4 21.
Rb2 Re8 22. Bb1 Bb3 23. Qh3 Nc4 24. Ng5 h5 25. e6 Rf8 26. exf7+ Rxf7 27. Bxg6 Rg7 28.
Qxh5 Nf6 29. Bf7+ 1-0

[Event "*** Titled Tuesday Blitz"]
[Site "Chess.com"]
[Date "2021.03.02"]
[Round "10"]
[White "Fiona"]
[Black "zmeeed67"]
[Result "0-1"]
[WhiteElo "2275"]
[BlackElo "2433"]
[TimeControl "180+1"]
[EndTime "11:57:10 PST"]
[Termination "zmeeed67 won by checkmate"]

1. e4 Nc6 2. Nf3 d6 3. d4 Nf6 4. Nc3 Bg4 5. Be2 g6 6. Be3 Bg7 7. Qd2 O-O 8. O-O-O e5 9. d5 Bxf3 10. gxf3 Nd4 11. h4 h5 12. Bh6 c6 13. Bxg7 Kxg7 14.
f4 cxd5 15. exd5 Rc8 16. Rdg1 Qa5 17. Bf1 Ne4 18. Nxe4 Nb3+ 19. axb3 Qa1# 0-1